 Dungeon Crawl Stone Soup version 0.17-a0-1882-g750edc8 (webtiles) character file.

87 shakdrar the Chopper (level 4, -3/40 HPs)
             Began as a Hill Orc Abyssal Knight on Sept 22, 2015.
             Was a Believer of Lugonu.
             Slain by Crazy Yiuf
             ... wielding a +3 quarterstaff of chaos
              (10 damage)
             ... on level 2 of the Dungeon.
             The game lasted 00:06:23 (2427 turns).

shakdrar the Chopper (Hill Orc Abyssal Knight)      Turns: 2427, Time: 00:06:27

Health: -3/40      AC:  4    Str: 15    XL:     4   Next: 51%
Magic:  6/6        EV: 11    Int: 12    God:    Lugonu [**....]
Gold:   47         SH:  0    Dex: 10    Spells: 0 memorised, 3 levels left

rFire  . . .     SeeInvis .     a - +1 hand axe
rCold  . . .     Clarity  .     b - +0 leather armour
rNeg   . . .     SustAt   .     (no shield)
rPois  .         Gourm    .     (no helmet)
rElec  .         Spirit   .     i - +0 cloak
rCorr  .         Warding  .     (no gloves)
rMut   .         Stasis   .     (no boots)
MR     .....                    (no amulet)
Stlth  +.........               (no ring)
                                (no ring)

@: not resistant to hostile enchantments, very unstealthy
A: no striking features
a: Depart the Abyss, Bend Space, Renounce Religion


You were on level 2 of the Dungeon.
You worshipped Lugonu.
Lugonu was pleased with you.
You were not hungry.

You visited 1 branch of the dungeon, and saw 3 of its levels.
You visited the Abyss 1 time.

You collected 47 gold pieces.

Inventory:

Hand weapons
 a - a +1 hand axe (weapon)
Armour
 b - a +0 leather armour (worn)
 i - a +0 cloak (worn)
Magical devices
 k - a wand of slowing (43)
Potions
 g - a potion of ambrosia {unknown}
 h - a potion of cancellation {unknown}
Comestibles
 c - 3 bread rations
 f - 4 fruits


   Skills:
 + Level 3.9 Fighting
 * Level 4.5 Axes
 + Level 2.8 Armour
 + Level 1.3 Dodging
 + Level 3.2 Invocations


You had 3 spell levels left.
You didn't know any spells.

Dungeon Overview and Level Annotations

Branches:
Dungeon (3/15)

Altars:
Gozag
Xom

Annotations:
D:2 Crazy Yiuf
D:3 Grinder, Ijyb


Message History

The bat hits you but does no damage. The bat misses you.
The bat barely misses you. The bat hits you.
* * * LOW HITPOINT WARNING * * *
The bat hits you.
* * * LOW HITPOINT WARNING * * *
The bat hits you but does no damage. The bat hits you but does no damage. x2
The bat hits you but does no damage. The bat closely misses you.
The bat closely misses you. The bat misses you. The bat barely misses you.
The bat hits you but does no damage. The bat misses you.
There is a stone staircase leading up here.
The bat hits you.
* * * LOW HITPOINT WARNING * * *
The bat barely misses you.
You climb upwards.
Level annotation: Crazy Yiuf Crazy Yiuf closely misses you.
Crazy Yiuf hits you with a quarterstaff of chaos!
You die...

.##.....#####.##.....# #.##..
.##............#.....#######.##..
.#######.......#...........#.##..
.# #..(.<...((.........#'#... .#
#......#(................. .#
#......#......###......... .#
#......##.....# #......... .#
#......##g#######......... .#
#......##@b............... .#
#......##########......... .#
#################......... ##
#..)........######.## #####
#........(..# #.# #...#
#.########### #.## #...# #.# #...
#...# #.# ##.# #...# #.# ###
#####.#


You could see Crazy Yiuf and a bat.

Vanquished Creatures
  A hound (D:3)
  An adder (D:2)
  A worm (D:2)
  3 giant geckos
  An orc (D:2)
  5 hobgoblins
  A quokka (D:3)
  6 bats
  2 giant cockroaches
  5 giant newts
  3 goblins
  9 kobolds
  6 rats
  4 fungi (D:2)
48 creatures vanquished.

Vanquished Creatures (others)
  An orc (D:3)
  A kobold (D:3)
2 creatures vanquished.

Grand Total: 50 creatures vanquished

Notes
Turn   | Place    | Note
--------------------------------------------------------------
     0 | Abyss:1  | shakdrar the Hill Orc Abyssal Knight began the quest for the Orb.
     0 | Abyss:1  | Reached XP level 1. HP: 19/19 MP: 2/2
     9 | D:1      | Escaped the Abyss
   433 | D:1      | Reached skill level 1 in Dodging
   433 | D:1      | Reached XP level 2. HP: 27/27 MP: 3/3
  1128 | D:2      | Reached XP level 3. HP: 15/33 MP: 5/5
  1448 | D:2      | Acquired Lugonu's second power
  2076 | D:2      | Found a shimmering altar of Xom.
  2350 | D:2      | Noticed Crazy Yiuf
  2382 | D:3      | Found an opulent altar of Gozag.
  2384 | D:3      | Noticed Ijyb
  2385 | D:3      | Noticed Grinder
  2406 | D:3      | Reached skill level 4 in Axes
  2406 | D:3      | Reached XP level 4. HP: 14/40 MP: 6/6
  2427 | D:2      | Slain by Crazy Yiuf

Vault maps used:
D:1:      minmay_arrival_three_doors
D:2:      tgw_xom, first_bread, uniq_crazy_yiuf_cottage
D:3:      nicolae_gozag_seed_capital, lemuel_flame_loot_1, uniq_grinder,
          uniq_iyjb, uniq_natasha

Action                   |  1- 3 |  4- 6 || total
-------------------------+-------+-------++-------
Melee: Hand axe          |   153 |     7 ||   160
  Use: Scroll            |     6 |       ||     6
  Eat: Chunk             |     5 |       ||     5
